 Dungeon Crawl Stone Soup version 0.27-a0-906-g0a00ce863d (webtiles) character file.

Game seed: 5243178947188739323

585 jestyr24 the Magician (level 7, 0/45 HPs)
             Began as a Djinni Venom Mage on Apr 6, 2021.
             Slain by a hound skeleton (3 damage)
             ... on level 4 of the Dungeon.
             The game lasted 00:28:51 (5034 turns).

jestyr24 the Magician (Djinni Venom Mage)           Turns: 5034, Time: 00:28:52

Health: 0/45       AC:  2    Str:  7    XL:     7   Next: 37%
Gold:   217        EV: 13    Int: 18    God:
                   SH:  0    Dex: 20

rFire    + + .     SeeInvis .   p - +6 dire flail (holy)
rCold    x . .     Faith    .   (shield currently unavailable)
rNeg     . . .     Spirit   .   a - +0 robe
rPois    ∞         Reflect  .   (no helmet)
rElec    .         Harm     .   (no cloak)
rCorr    .         Rampage  .   (no gloves)
Will     .....                  (boots unavailable)
Stlth    ++........             (no amulet)
HPRegen  0.15/turn              f - +6 ring of dexterity
MPRegen  0.00/turn              h - ring of wizardry

@: flying
A: fire resistance 2, cold vulnerability 1, float, innate caster, hp casting,
extra vitality 1
a: no special abilities


You were on level 4 of the Dungeon.
You visited 1 branch of the dungeon, and saw 4 of its levels.

You collected 217 gold pieces.

Inventory:

Hand Weapons
 d - a +1 short sword of draining
 e - a +1 dagger of venom
 p - a +6 dire flail of holy wrath (weapon)
Missiles
 l - 9 poisoned darts
Armour
 a - a +0 robe (worn)
Jewellery
 f - a +6 ring of dexterity (left hand)
 h - a ring of wizardry (right hand)
 m - a ring of positive energy
Scrolls
 b - a scroll of amnesia
 c - a scroll of fear
 g - a scroll of vulnerability {unknown}
 n - 2 scrolls of teleportation {unknown}
 o - a scroll of identify {unknown}
Potions
 i - a potion of resistance {unknown}
 j - a potion of haste {unknown}
 k - a potion of attraction {unknown}


   Skills:
 + Level 0.1 Fighting
 - Level 0.7 Short Blades
 + Level 2.7 Dodging
 - Level 2.3 Stealth
 - Level 0.1 Unarmed Combat
 + Level 6.6 Spellcasting


You couldn't memorise any spells.
You knew the following spells:

 Your Spells              Type           Power      Damage    Failure   Level
a - Sting                 Tmut/Pois      100%       1d8       1%          1
b - Poisonous Vapours     Pois/Air       58%        N/A       1%          2
c - Mephitic Cloud        Conj/Pois/Air  29%        N/A       1%          3
d - Ignite Poison         Fire/Tmut/Pois 29%        N/A       1%          3
e - Olgreb's Toxic Radia  Pois           29%        N/A       3%          4
f - Summon Small Mammal   Summ           100%       N/A       1%          1
g - Passwall              Tmut/Erth      24%        N/A       1%          2
h - Tukima's Dance        Hex            29%        N/A       1%          3
Your spell library was empty.

Dungeon Overview and Level Annotations

Branches:
Dungeon (4/15)
 Temple: D:4-7

Altars:

Shops:
D:1 *


Innate Abilities, Weirdness & Mutations

You are immune to poison.
Your flesh is very heat resistant. (rF++)
You are vulnerable to cold. (rC-)
You float through the air rather than walking.
You learn spells naturally, not from books.
Your magical power is your life essence.
You have superior vitality. (+4 HP)


Message History

You ignite the poison in your surroundings!
Duvessa seems to burn from within!!
Duvessa is severely wounded.
Duvessa hits you with a +0 short sword!
Casting: Ignite Poison (safe; 1% risk of failure)
Confirm with . or Enter, or press ? or * to list all spells.
Aiming: Sting (safe; 1% risk of failure)
Press: ? - help, Shift-Dir - straight line, f - Duvessa
Aim: Duvessa, wielding a +0 short sword, wearing a +0 chain mail and carrying a wand of flame (12) (severely wounded, berserk, 13% to evade)
The sting hits Duvessa but does no damage.
Duvessa is poisoned.
Duvessa is severely wounded.
Duvessa closely misses you.
A hound skeleton comes into view.
Duvessa completely misses you.
Casting: Sting (safe; 1% risk of failure)
Confirm with . or Enter, or press ? or * to list all spells.
Aiming: Sting (safe; 1% risk of failure)
Press: ? - help, Shift-Dir - straight line, f/p - Duvessa
Aim: Duvessa, wielding a +0 short sword, wearing a +0 chain mail and carrying a wand of flame (12) (severely wounded, berserk, poisoned, 13% to evade)
The sting hits Duvessa.
Duvessa looks even sicker.
Duvessa is severely wounded.
Duvessa hits you with a +0 short sword!
* * * LOW HITPOINT WARNING * * *
Casting: Sting (safe; 1% risk of failure)
Confirm with . or Enter, or press ? or * to list all spells.
You ignite the poison in your surroundings!
Duvessa seems to burn from within!!
You kill Duvessa!
* * * LOW HITPOINT WARNING * * *
The hound skeleton bites you.
* * * LOW HITPOINT WARNING * * *
You hit the hound skeleton.
The hound skeleton convulses.
The hound skeleton is heavily damaged.
The hound skeleton bites you.
* * * LOW HITPOINT WARNING * * *
You completely miss the hound skeleton.
The hound skeleton is heavily damaged.
The hound skeleton misses you. The hound skeleton bites you.
You die...

#.# ####### ..# #. #.#
#...... ..# #. ####.###
#...... ## .####.
#......###...... .# ......
#.##....##....†.#. ......
#.##....##....)... ..>...
#.###...##.......# #...
#.####.###....!).# #.#.
#......# #@# #.#. ######.#
#Z# #.#. #.# ##.## #.#. #.#
####...#. #...
#.#####...#.........##.####.
#.............##..#.......#.
#######................##.#.
#####...#........##.#.
#####.#.#....##<#.


You could see a hound skeleton.

Vanquished Creatures
  Edmund (D:4)
  Duvessa (D:4)
  Blork the orc (D:4)
  Dowan (D:4)
  2 iguanas (D:4)
  Natasha (thrice) (D:3)
  4 adders
  An ufetubus (D:4)
  4 worms
  A dart slug (D:4)
  3 orcs (D:3)
  5 endoplasms
  4 giant cockroaches (D:1)
  4 goblins
  4 hobgoblins
  8 jackals
  7 kobolds
  4 quokkas
  8 ball pythons
  6 bats
  4 frilled lizards
  3 rats
79 creatures vanquished.

Notes
Turn   | Place    | Note
-------+----------+-------------------------------------------
     0 | D:1      | jestyr24 the Djinni Venom Mage began the quest for the Orb.
     0 | D:1      | Reached XP level 1. HP: 15/15 MP: 0/0
   338 | D:1      | Reached XP level 2. HP: 20/21 MP: 0/0
   364 | D:1      | Reached skill level 3 in Spellcasting
   706 | D:1      | Found Gooziw's General Store.
  1114 | D:1      | Reached XP level 3. HP: 21/25 MP: 0/0
  1114 | D:1      | Learned a level 1 spell: Summon Small Mammal
  2055 | D:2      | Found a faded altar of an unknown god.
  2854 | D:3      | Noticed Natasha
  2859 | D:3      | Killed Natasha
  2860 | D:3      | Reached XP level 4. HP: 25/31 MP: 0/0
  3097 | D:3      | Reached skill level 4 in Spellcasting
  3731 | D:3      | Reached XP level 5. HP: 32/35 MP: 0/0
  3731 | D:3      | Learned a level 2 spell: Passwall
  3744 | D:3      | Noticed Natasha
  3747 | D:3      | Killed Natasha
  3883 | D:3      | Noticed Natasha
  3886 | D:3      | Killed Natasha
  4126 | D:4      | Noticed Edmund
  4134 | D:4      | Killed Edmund
  4135 | D:4      | Reached skill level 5 in Spellcasting
  4135 | D:4      | Reached XP level 6. HP: 8/40 MP: 0/0
  4723 | D:4      | Noticed Blork the orc
  4728 | D:4      | Killed Blork the orc
  4729 | D:4      | Reached skill level 6 in Spellcasting
  4729 | D:4      | Reached XP level 7. HP: 23/45 MP: 0/0
  4729 | D:4      | Learned a level 3 spell: Tukima's Dance
  5023 | D:4      | Noticed Duvessa
  5023 | D:4      | Noticed Dowan
  5026 | D:4      | Killed Dowan
  5030 | D:4      | Killed Duvessa
  5034 | D:4      | Slain by a hound skeleton

Illustrated notes

Levels and vault maps discovered:
D:1:      shiori_shiawase, layout_basic, serial_shops, shop_coins
D:2:      layout_basic, basic_ecumenical_altar, chequers_serial_rivers_micro_b,
          minmay_strange_pillars
D:3:      layout_basic, uniq_natasha
D:4:      layout_loops_cross, uniq_edmund, uniq_duvessa, uniq_blork_the_orc

Skill      XL: |  1  2  3  4  5  6 |
---------------+-------------------+-----
Spellcasting   | 3 4 5 6 |  6.6
Stealth        | 2 |  2.3
Fighting       | |  0.1
Short Blades   | |  0.7
Dodging        | |  2.7
Unarmed Combat | |  0.1

Action                   |  1- 3 |  4- 6 |  7- 9 || total
-------------------------+-------+-------+-------++-------
Melee: Unarmed           |     1 |       |       ||     1
       Short sword       |    11 |     1 |       ||    12
       Dire flail        |       |       |     3 ||     3
 Cast: Sting             |    43 |     9 |     2 ||    54
       Poisonous Vapours |    31 |    42 |     4 ||    77
       Ignite Poison     |     1 |     9 |     3 ||    13
       Olgreb's Toxic Ra |       |     2 |     1 ||     3
       Mephitic Cloud    |       |     2 |       ||     2
  Use: Scroll            |       |     3 |       ||     3
Armor: Robe              |    13 |     2 |       ||    15
Dodge: Dodged            |    22 |     6 |     3 ||    31

Table legend: (Time is in decaauts)
 A = Elapsed time spent in this place.
 B = Non-inter-level travel time spent in this place.
 C = Inter-level travel time spent in this place.
 D = Time resting spent in this place.
 E = Time spent auto-exploring this place.
 F = Levels seen in this place.
 G = Mean time per level.
                   A        B        C        D        E       F      G
               +--------+--------+--------+--------+--------+-----+--------+
         Total |   5033 |   4883 |    150 |   1735 |   2525 |   4 | 1258.2 |
       Dungeon |   5033 |   4883 |    150 |   1735 |   2525 |   4 | 1258.2 |
               +--------+--------+--------+--------+--------+-----+--------+

Top non-repeatable levels by time:
     D:1: 1655 daAuts
     D:3: 1231 daAuts
     D:2: 1078 daAuts
     D:4: 1067 daAuts
